 Dungeon Crawl Stone Soup version 0.29.1-12-g30fa7ad0bf (webtiles) character file.

Game seed: 14105489177008952144

1997 MisterFreud the Nimble (level 9, -4/41 HPs)
             Began as a Felid Berserker on Jan 14, 2023.
             Was an Elder of Trog.
             Killed from afar by a steam dragon (15 damage)
             ... with a ball of steam
             ... on level 9 of the Dungeon.
             The game lasted 00:12:24 (9841 turns).

MisterFreud the Nimble (Felid Berserker)            Turns: 9841, Time: 00:12:24

Health: -4/41      AC:  2    Str: 13    XL:     9   Next: 2%
Magic:  10/10      EV: 31    Int:  8    God:    Trog [****..]
Gold:   532        SH:  0    Dex: 26    Spells: 8/8 levels left
                                        Lives:  0   Deaths: 2

rFire   . . .      SeeInvis +     - Unarmed
rCold   . . .      Faith    .   (shield unavailable)
rNeg    . . .      Spirit   .   (body armour unavailable)
rPois   .          Reflect  .   (helmet unavailable)
rElec   .          Harm     .   (cloak unavailable)
rCorr   +          Rampage  .   (gloves unavailable)
Will    +....                   (boots unavailable)
Stlth   +++++.....              (no amulet)
HPRegen 0.13/turn               f - +6 ring of dexterity
MPRegen 0.12/turn               m - ring of resist corrosion

@: on berserk cooldown, slowed, studying Dodging, slow
A: very small, claws 1, fangs 3, see invisible, speed 1, shaggy fur 2, stealthy
paws, no weapons or thrown items, no armour, multi-lived
a: Renounce Religion, Berserk, Trog's Hand, Brothers in Arms


You were on level 9 of the Dungeon.
You worshipped Trog.
Trog was greatly pleased with you.
You visited 1 branch of the dungeon, and saw 9 of its levels.
You also visited: Ossuary and Bailey.

You collected 649 gold pieces.
You spent 117 gold pieces at shops.

Inventory:

Jewellery
 f - a +6 ring of dexterity (left paw)
 l - a ring of positive energy
 m - a ring of resist corrosion (right paw)
 u - a ring of magical power
 w - a +6 ring of dexterity
 C - a +6 ring of dexterity
Wands
 p - a wand of light (22)
 r - a wand of polymorph (22)
 s - a wand of paralysis (10)
Scrolls
 a - 3 scrolls of fear
 c - 4 scrolls of immolation
 i - 2 scrolls of magic mapping
 j - 2 scrolls of vulnerability
 k - 8 scrolls of teleportation
 v - a scroll of blinking
 x - 5 scrolls of butterflies
 y - a scroll of summoning
Potions
 b - 2 potions of lignification
 d - a potion of brilliance
 e - 3 potions of might
 g - 3 potions of heal wounds
 h - 3 potions of invisibility
 n - a potion of curing
 o - a potion of flight
 q - 2 potions of mutation
 t - 2 potions of attraction
 z - 3 potions of magic
 A - a potion of cancellation {unknown}
 B - a potion of haste {unknown}


   Skills:
 - Level 6.0 Fighting
 - Level 12.0 Dodging
 + Level 9.7 Stealth
 + Level 8.1 Unarmed Combat
 + Level 5.6 Evocations


You had 8 spell levels left.
You didn't know any spells.
Your spell library was empty.

Dungeon Overview and Level Annotations

Branches:
Dungeon (9/15)             Temple (0/1) D:6         Ossuary (visited)
 Bailey (visited)
   Lair: D:8-11         Orc: D:9-12

Altars:
Fedhas
Sif Muna
Xom
Yredelemnul

Shops:
D:3 [   D:6 ?

Annotations:
D:7 3 runed translucent doors, Sapher's ghost, amateur TrNe


Innate Abilities, Weirdness & Mutations

You have sharp claws.
You have razor-sharp teeth.
You have supernaturally acute eyesight. (SInv)
You cover ground quickly. (Speed+)
You are covered in thick fur. (AC +2)
Your paws help you pounce on unaware monsters.
You are incapable of wielding weapons or throwing items.
You cannot wear armour.
You gain extra lives every three experience levels.


Message History

You kill the hornet!
Trog accepts your kill.
Your Unarmed Combat skill increases to level 8!
You claw the steam dragon! You bite the steam dragon!
The steam dragon is severely wounded.
You are engulfed in a cloud of scalding steam.
The steam dragon completely misses you. The steam dragon misses you.
You claw the steam dragon!
You feel the power of Trog in you as your rage grows.
You kill the steam dragon!
Trog accepts your kill.
You can now call in reinforcements.
Welcome back to level 9!
A steam dragon comes into view.
You feel a strong urge to attack something.
A steam dragon is nearby!
A steam dragon is nearby!
You feel your anger nearly subside.
You are no longer berserk.
You are exhausted.
You feel yourself slow down. The steam dragon breathes steam at you.
The ball of steam misses you.
You are engulfed in a cloud of scalding steam.
The steam dragon breathes steam at you. The ball of steam misses you.
You are engulfed in a cloud of scalding steam.
The steam dragon breathes steam at you. The ball of steam misses you.
Really walk into that cloud of steam? [Y]es or [N]o only, please.
Really walk into that cloud of steam? [Y]es or [N]o only, please.
Really walk into that cloud of steam?
Okay, then.
Really walk into that cloud of steam?
You are engulfed in a cloud of scalding steam.
* * * LOW HITPOINT WARNING * * *
A steam dragon is nearby!
The steam dragon breathes steam at you. The ball of steam hits you!
You die...

.# #......... ##. ##.
######'### #.. #.. #.#
##.##### #.# #.# .......#
#.# ###.### .......#
###.### ####......
.......#
#.....####....#.###
.......#
######.....##...####.#
.....=.###D...§§@.....[###
#.#
.......#..§####.....####
#.# ....D....### ###.###
#.# .......### #.# #.#
##.##### #.. #.# #..# ##[#
##.# .# .# .# +#


There were no monsters in sight!

Vanquished Creatures
  Pikel (D:8)
  Joseph (D:8)
  An unseen horror (D:7)
  A hornet (D:9)
  2 steam dragons
  4 black bears
  3 ice beasts
  5 orc warriors
  A sky beast (D:8)
  3 ogres
  A centaur (D:5)
  A phantom (D:6)
  A bullfrog (D:6)
  2 elf zombies (Ossuary)
  2 necrophages
  5 scorpions
  2 howler monkeys (D:6)
  3 centaur zombies
  4 hounds
  4 human zombies (Ossuary)
  5 jellies
  An orc priest (D:8)
  Ijyb (D:5)
  4 iguanas
  4 orc wizards
  A killer bee zombie (D:7)
  A hound zombie (Ossuary)
  4 mummies
  4 gnolls
  12 adders
  3 white imps
  2 ufetubi
  4 adder zombies (Ossuary)
  A worm (D:2)
  2 dart slugs
  18 orcs
  8 bats
  10 endoplasms
  2 giant cockroaches
  17 goblins
  11 hobgoblins
  5 quokkas
  2 ball pythons
  2 frilled lizards
  4 hobgoblin zombies
  3 jackal zombies (Ossuary)
  16 kobolds
  7 kobold zombies
  An orc zombie (Ossuary)
  7 quokka zombies (Ossuary)
  5 rats
  A rat zombie (Ossuary)
215 creatures vanquished.

Vanquished Creatures (others)
  2 orcs (D:8)
  2 plants (D:3)
4 creatures vanquished.

Grand Total: 219 creatures vanquished

Notes
Turn   | Place    | Note
-------+----------+-------------------------------------------
     0 | D:1      | MisterFreud the Felid Berserker began the quest for the
                  | Orb.
     0 | D:1      | Reached XP level 1. HP: 10/10 MP: 2/2
    41 | D:1      | Reached skill level 1 in Stealth
   186 | D:1      | Reached XP level 2. HP: 12/14 MP: 3/3
   368 | D:1      | Found a faded altar of an unknown god.
   766 | D:2      | Reached ** piety under Trog
   983 | D:2      | Reached XP level 3. HP: 13/17 MP: 4/4
  1686 | D:2      | You fall into a shaft and drop 2 floors!
  1709 | D:4      | Found a sand-covered staircase.
  1718 | Ossuary  | Entered an ossuary
  2000 | Ossuary  | Reached XP level 4. HP: 18/21 MP: 5/5
  2161 | Ossuary  | Reached skill level 5 in Stealth
  2161 | Ossuary  | Reached XP level 5. HP: 10/24 MP: 6/6
  2537 | Ossuary  | Reached skill level 5 in Unarmed Combat
  2735 | Ossuary  | Gained mutation: You are covered in thick fur. (AC +2)
                  | [Felid growth]
  2735 | Ossuary  | Reached XP level 6. HP: 25/28 MP: 7/7
  3106 | Ossuary  | Reached skill level 5 in Dodging
  3150 | D:4      | Noticed an ice beast
  3160 | D:4      | Killed an ice beast
  3161 | D:4      | Reached skill level 6 in Dodging
  3161 | D:4      | Reached XP level 7. HP: 19/31 MP: 8/8
  3430 | D:4      | Reached *** piety under Trog
  4280 | D:3      | Found Ymmuceev's Armour Shop.
  4646 | D:4      | Reached skill level 7 in Dodging
  5341 | D:5      | Entered Level 5 of the Dungeon
  5348 | D:5      | Reached skill level 8 in Dodging
  5613 | D:5      | Reached skill level 9 in Dodging
  5780 | D:5      | Reached XP level 8. HP: 29/34 MP: 9/9
  5945 | D:5      | Reached skill level 10 in Dodging
  6074 | D:5      | Found a shimmering altar of Xom.
  6113 | D:5      | Reached skill level 5 in Fighting
  6156 | D:5      | Noticed Ijyb
  6168 | D:5      | Killed Ijyb
  6354 | D:5      | Found a blossoming altar of Fedhas.
  6354 | D:5      | Found a shimmering blue altar of Sif Muna.
  6436 | D:6      | Reached skill level 1 in Evocations
  6484 | D:6      | Found Awnox's Magic Scroll Shoppe.
  6487 | D:6      | Bought a scroll of teleportation for 39 gold pieces
  6487 | D:6      | Bought a scroll of teleportation for 39 gold pieces
  6487 | D:6      | Bought a scroll of teleportation for 39 gold pieces
  6499 | D:6      | Found a staircase to the Ecumenical Temple.
  6607 | D:6      | Reached **** piety under Trog
  6684 | D:6      | Reached XP level 9. HP: 41/41 MP: 10/10
  7304 | D:7      | Found a runed translucent gate.
  7304 | D:7      | Found a runed translucent gate.
  7304 | D:7      | Found a runed translucent gate.
  7304 | D:7      | Noticed Sapher's ghost (amateur TrNe)
  7306 | D:7      | Found a basalt altar of Yredelemnul.
  7393 | D:7      | Noticed an unseen horror
  7417 | D:7      | Killed an unseen horror
  7650 | D:7      | Reached skill level 11 in Dodging
  8296 | D:8      | Noticed Pikel
  8310 | D:8      | Killed Pikel
  8327 | D:8      | Noticed Joseph
  8336 | D:8      | Slain by Joseph
  8337 | D:8      | Reached XP level 8. HP: -2/38 MP: 9/9
  8337 | D:8      | Found a flagged portal.
  8357 | Bailey   | Entered a bailey
  8362 | Bailey   | Noticed an orc warlord
  8420 | Bailey   | Reached XP level 9. HP: 41/41 MP: 10/10
  8609 | Bailey   | Found a runed translucent gate.
  8609 | Bailey   | Found a runed translucent gate.
  8609 | Bailey   | Found a runed translucent gate.
  8689 | Bailey   | Reached skill level 5 in Evocations
  9012 | Bailey   | Slain by an orc warlord
  9013 | Bailey   | Reached XP level 8. HP: -4/57 MP: 9/9
  9099 | D:8      | Acquired a manual of Dodging
  9149 | D:8      | Identified the +5 flail "Esmaluna" {vorpal, rC+ Int+4
                  | Dex+3}
  9210 | D:8      | Killed Joseph
  9393 | D:8      | Reached skill level 12 in Dodging
  9803 | D:9      | Noticed a hornet
  9819 | D:9      | Killed a hornet
  9822 | D:9      | Reached XP level 9. HP: 41/41 MP: 10/10
  9841 | D:9      | Killed from afar by a steam dragon

Illustrated notes

Levels and vault maps discovered:
D:1:      lightli_arrival_chessboard, layout_basic,
          shapermc_ecumenical_altar_mp_highgroup
D:2:      layout_loops_ring, minmay_strange_pillars
D:3:      cheibrodos_old_hovel, layout_loops_ring, serial_shops,
          nicolae_shop_waterfront, serial_glass, glass_columns_c,
          glass_columns_a
D:4:      layout_loops_ring, nicolae_ossuary_entry_giza
D:5:      layout_basic, mainiacjoe_overflow_small_starburst,
          gammafunk_temple_overflow_statue, kennysheep_big_empty_room, uniq_ijyb
D:6:      minmay_general_purpose_star, layout_rooms, minmay_temple_entry_glass,
          serial_shops, kennysheep_mini
D:7:      layout_basic, nicolae_yredelemnul_ghost_church
D:8:      layout_rooms, enter_bailey_7, chequers_hall_statues_corner_a,
          grunt_ogre_cave, nicolae_concentric_dashed_squares_mild, uniq_joseph,
          uniq_pikel
D:9:      layout_roguey

Skill      XL: |  1  2  3  4  5  6  7  8  9 |
---------------+----------------------------+-----
Stealth        | 1 2 3 5 6 9 |  9.7
Unarmed Combat | 4 5 6 8 7 |  8.1
Dodging        | 6 9 12 11 | 12.0
Fighting       | 6 |  6.0
Evocations     | 1 5 |  5.6

Action                   |  1- 3 |  4- 6 |  7- 9 || total
-------------------------+-------+-------+-------++-------
Melee: Unarmed           |   124 |   138 |   431 ||   693
       Bite              |    11 |    17 |    52 ||    80
       Punch             |     2 |     6 |    19 ||    27
Invok: Berserk           |     2 |     5 |    11 ||    18
       Trog's Hand       |     1 |       |     3 ||     4
       Brothers in Arms  |       |       |     1 ||     1
  Use: Scroll            |     6 |     3 |    17 ||    26
       Potion            |       |       |     1 ||     1
 Stab: Sleeping          |    13 |     8 |    32 ||    53
       Distracted        |       |       |     3 ||     3
Armor: Skin              |     4 |     7 |    15 ||    26
Dodge: Dodged            |   110 |   106 |   400 ||   616
